 Dungeon Crawl Stone Soup version 0.31-a0-167-g1c394c0614 (webtiles) character file.

Game seed: 4225337074118866026

7329 olmar the Thaumaturge (level 10, -3/52 HPs)
             Began as a Deep Elf Earth Elementalist on June 14, 2023.
             Was an Initiate of Gozag.
             Killed by a reflected stone arrow
             ... reflected by an orc wizard
             ... on level 7 of the Dungeon.
             The game lasted 00:19:57 (10428 turns).

olmar the Thaumaturge (DEEE)                       Turns: 10428, Time: 00:20:02

Health: -3/52      AC: 10    Str:  5    XL:     10   Next: 90%
Magic:  12/29      EV: 12    Int: 25    God:    Gozag
Gold:   656        SH:  0    Dex: 15    Spells: 28/35 levels left

rFire   + . .        O - staff of poison
rCold   . . .        (no shield)
rNeg    + . .        k - +3 leather armour
rPois   +            h - +2 hat
rElec   .            v - scarf of Distant Worlds {repulsion, rN+}
rCorr   .            l - +0 pair of gloves
SInv    .            p - +0 pair of boots
Will    ++...        (no amulet)
Stlth   +++          q - ring of willpower
HPRegen 0.28/turn    E - ring of protection from fire
MPRegen 0.21/turn

%: repel missiles
@: about to teleport
A: no striking features
a: Renounce Religion, Potion Petition, Call Merchant, Bribe Branch


You were on level 7 of the Dungeon.
You worshipped Gozag.
Gozag was pleased with you.
You visited 2 branches of the dungeon, and saw 10 of its levels.
You also visited: Ossuary.

You collected 1044 gold pieces.
You paid 388 gold pieces to Gozag.

Inventory:

Missiles
 a - a curare-tipped dart
 t - 3 throwing nets
 Q - 15 poisoned darts (quivered)
Armour
 h - a +2 hat (worn)
 k - a +3 leather armour (worn)
 l - a +0 pair of gloves (worn)
 o - a +0 helmet
 p - a +0 pair of boots (worn)
 v - the scarf of Distant Worlds (worn) {repulsion, rN+}
   (You found it on level 3 of the Dungeon)

   rN:        It protects you from negative energy.
Magical Staves
 O - a staff of poison (weapon)
 T - a staff of cold
Jewellery
 q - a ring of willpower (left hand)
 E - a ring of protection from fire (right hand)
 F - the ring "Emuaw" {*Corrode rN+ Int+2 Slay+2}
   (You found it on level 6 of the Dungeon)

   [ring of positive energy]

   Int:       It affects your intelligence (+2).
   Slay:      It affects your accuracy & damage with ranged weapons and melee
   (+2).
   rN:        It protects you from negative energy.
   *Corrode:  It may corrode you when you take damage.
 G - a ring of protection from fire
 K - a ring of poison resistance
Wands
 y - a wand of mindburst (3)
 L - a wand of polymorph (10)
 P - a wand of acid (3)
 R - a wand of iceblast (5)
 S - a wand of paralysis (8)
Scrolls
 c - 2 scrolls of vulnerability
 i - a scroll of teleportation
 j - 2 scrolls of enchant armour {unknown}
 n - 2 scrolls of brand weapon
 r - a scroll of immolation {unknown}
 s - 3 scrolls of fog
 z - a scroll of blinking {unknown}
 A - 4 scrolls of amnesia
 B - a scroll of poison {unknown}
 C - 4 scrolls of enchant weapon {unknown}
 I - a scroll of acquirement {unknown}
 M - a scroll of noise {unknown}
 N - a scroll of revelation {unknown}
 V - a scroll of identify
Potions
 b - a potion of magic
 d - 2 potions of curing
 e - a potion of cancellation
 f - a potion of invisibility
 g - a potion of might
 m - 4 potions of haste
 u - a potion of brilliance
 w - 2 potions of attraction
 x - 4 potions of enlightenment
 D - a potion of resistance
 H - a potion of lignification
 J - a potion of berserk rage
 U - a potion of ambrosia {unknown}


   Skills:
 + Level 1.0 Fighting
 + Level 0.3 Short Blades
 + Level 2.9 Armour
 + Level 4.0 Dodging
 + Level 4.4 Stealth
 + Level 13.1 Spellcasting
 + Level 6.9 Conjurations
 + Level 3.3 Summonings
 + Level 1.3 Transmutations
 + Level 11.3 Earth Magic


You had 28 spell levels left.
You knew the following spells:

 Your Spells              Type           Power      Damage    Failure   Level
a - Sandblast             Erth           100%       2d20      1%          1
b - Passwall              Tmut/Erth      40%        N/A       1%          2
c - Stone Arrow           Conj/Erth      100%       3d13      1%          3
d - Summon Small Mammal   Summ           100%       N/A       1%          1

Your spell library contained the following spells:

 Spells                   Type           Power      Damage    Failure   Level
 Petrify                  Tmut/Erth      48%        N/A       4%          4
 Apportation              Tloc           32%        N/A       6%          1
 Necrotise                Necr           64%        1d7       6%          1


Dungeon Overview and Level Annotations

Branches:
Dungeon (9/15)             Temple (1/1) D:5         Ossuary (visited)
   Lair: D:8-11         Orc: D:9-12

Altars:
Dithmenos
Fedhas
Gozag
Kikubaaqudgha
Makhleb
Nemelex Xobeh
Okawaru
Qazlal
Sif Muna
Wu Jian

Shops:
D:1 (


Message History

The stone arrow hits you!
The boulder beetle curls into a ball and begins rolling!
The orc wizard hits you but does no damage.
Unknown command.
Casting: Stone Arrow (safe; 1% risk of failure)
Confirm with . or Enter, or press ? or * to list all spells.
Aiming: Sandblast (safe; 1% risk of failure)
Press: ? - help, Shift-Dir - straight line, f/p - orc wizard
Aim: an orc wizard, wielding a +0 lajatang of pain, wearing a +0 robe and wearing the amulet of Foolhardiness {Reflect Dex+2 SH+5} (ally target, reflecting blocked projectiles, 82% to hit)
The blast of sand reflects off an invisible shield around the orc wizard!
The blast of sand misses you. The blast of sand hits your quokka!!
You kill your quokka!
Your quokka's corpse disappears in a puff of smoke!
The orc wizard points at you and mumbles some strange words.
The magic dart hits you but does no damage.
The boulder beetle hits you!
The boulder beetle stops rolling and uncurls.
As you read the scroll of teleportation, it crumbles to dust.
You feel strangely unstable.
The orc wizard points at you and mumbles some strange words.
The magic dart hits you. The boulder beetle bites you!
* * * LOW HITPOINT WARNING * * *
Unknown command.
Unknown command.
The orc wizard attacks as you move away!
The orc wizard hits you with a +0 lajatang of pain.
* * * LOW HITPOINT WARNING * * *
Something bites your quokka!!
Your quokka dies!
Your quokka's corpse disappears in a puff of smoke!
Unknown command.
Casting: Sandblast (safe; 1% risk of failure)
Confirm with . or Enter, or press ? or * to list all spells.
Aiming: Stone Arrow (safe; 1% risk of failure)
Press: ? - help, Shift-Dir - straight line, f/p - orc wizard
Aim: an orc wizard, wielding a +0 lajatang of pain, wearing a +0 robe and wearing the amulet of Foolhardiness {Reflect Dex+2 SH+5} (reflecting blocked projectiles, 72% to hit)
The stone arrow reflects off an invisible shield around the orc wizard!
The stone arrow hits you!
You die...
Your body crumbles into a pile of gold.

#...#.##....)))).##.# #.
#..##.##########.##.## #.
#..#.#.###......##...#
##.
#.##...##.########...##
#..
..#.#.#.##.....##..#..#
##.#
.##.....######.##.#.#.##
#..#
.#.#.#.#.###..##...#...#
##.##
##[......##.####..#.#..##
#..#
#.#.#.#.#.##.##.@#B#.#..#
##..##
#..[......##.##.o§......#
#...##
.#########.##.##§########
#...#.
.##...[...[.##.##$$.#
##...#.
.##.###.###.##.##.#.#
#..#...
#.##.#.).#.##8.8### ..
##.###)#
..##.##.##.##...## g..
#.......
##.##.#.#.##8...8#
####.####..
...##.###.##..~..## #..#
##.


You could see an orc wizard (reflecting).

Vanquished Creatures
  A two-headed ogre (D:8)
  Pikel (D:6)
  Joseph (D:8)
  3 gargoyles (D:8)
  Prince Ribbit (D:6)
  Eustachio (D:6)
  A yak (D:8)
  A wraith (D:7)
  A steam dragon (D:6)
  Menkaure (D:7)
  3 water moccasins
  An acid dragon (D:7)
  An orc warrior (D:7)
  2 ice beasts
  3 sky beasts (D:7)
  2 ogres
  2 black bears (D:6)
  A kobold brigand (D:7)
  3 elf zombies (Ossuary)
  A bullfrog (D:7)
  3 gnoll sergeants
  3 scorpions
  6 wights
  4 killer bees (D:8)
  3 howler monkeys (D:8)
  3 centaur zombies (Ossuary)
  6 human zombies (Ossuary)
  2 jellies
  5 hounds
  2 gnoll boudas
  2 sleepcaps (D:6)
  5 iguanas
  7 orc wizards
  3 mummies (Ossuary)
  22 gnolls
  7 adders
  3 shadow imps (D:7)
  2 ufetubi
  A worm (D:3)
  41 orcs
  6 ball pythons
  5 bats
  6 endoplasms
  2 giant cockroaches
  11 goblins
  10 hobgoblins
  6 quokkas
  A frilled lizard (D:2)
  5 kobolds
  6 rats
219 creatures vanquished.

Vanquished Creatures (collateral kills)
  A gargoyle (D:8)
1 creature vanquished.

Grand Total: 220 creatures vanquished

Notes
Turn   | Place    | Note
-------+----------+-------------------------------------------
     0 | D:1      | olmar the Deep Elf Earth Elementalist began the quest for
                  | the Orb.
     0 | D:1      | Reached XP level 1. HP: 10/10 MP: 6/6
    53 | D:1      | Found Bavaryro's Weapon Shop.
   242 | D:1      | Reached XP level 2. HP: 15/15 MP: 6/8
   300 | D:1      | Learned a level 2 spell: Passwall
   783 | D:2      | Reached XP level 3. HP: 19/19 MP: 7/9
   790 | D:2      | Learned a level 3 spell: Stone Arrow
  1084 | D:2      | Reached XP level 4. HP: 24/24 MP: 7/11
  1246 | D:2      | Reached skill level 5 in Earth Magic
  1357 | D:2      | Reached skill level 1 in Conjurations
  1589 | D:3      | Noticed an ogre
  1696 | D:3      | Reached skill level 4 in Spellcasting
  1881 | D:3      | Identified the scarf of Distant Worlds {repulsion, rN+}
  2262 | D:3      | Reached XP level 5. HP: 28/28 MP: 11/13
  2455 | D:3      | Killed an ogre
  2764 | D:4      | Reached skill level 1 in Armour
  2792 | D:4      | Found a sand-covered staircase.
  2812 | Ossuary  | Entered an ossuary
  2826 | Ossuary  | Reached skill level 5 in Spellcasting
  2826 | Ossuary  | Reached XP level 6. HP: 32/32 MP: 10/15
  3076 | Ossuary  | Reached skill level 6 in Spellcasting
  3150 | Ossuary  | Reached XP level 7. HP: 36/36 MP: 14/18
  3303 | Ossuary  | Reached skill level 7 in Spellcasting
  3750 | D:4      | Found a blossoming altar of Fedhas.
  4243 | D:5      | Entered Level 5 of the Dungeon
  4622 | D:5      | Reached XP level 8. HP: 42/42 MP: 10/21
  5700 | D:5      | Found a staircase to the Ecumenical Temple.
  5709 | Temple   | Entered the Ecumenical Temple
  5775 | Temple   | Became a worshipper of Gozag Ym Sagoz the Greedy
  6067 | D:6      | Identified the ring "Emuaw" {*Corrode rN+ Int+2 Slay+2}
  6072 | D:6      | Noticed Pikel
  6077 | D:6      | Killed Pikel
  6078 | D:6      | Reached skill level 8 in Spellcasting
  6241 | D:6      | Found an ornate altar of the Wu Jian Council.
  6341 | D:6      | Noticed Eustachio
  6356 | D:6      | Killed Eustachio
  6357 | D:6      | Reached skill level 9 in Spellcasting
  6458 | D:6      | Reached XP level 9. HP: 46/46 MP: 14/24
  7031 | D:6      | Noticed Prince Ribbit
  7035 | D:6      | Killed Prince Ribbit
  7210 | D:6      | Reached skill level 5 in Conjurations
  7697 | D:7      | Found a shimmering blue altar of Sif Muna.
  7910 | D:7      | Found an iron altar of Okawaru.
  8036 | D:7      | Reached skill level 10 in Spellcasting
  8284 | D:7      | Noticed Menkaure
  8286 | D:7      | Killed Menkaure
  8401 | D:7      | Learned a level 1 spell: Summon Small Mammal
  8406 | D:7      | Reached skill level 1 in Summonings
  8748 | D:7      | You fall into a shaft and drop 1 floor!
  8762 | D:8      | Reached skill level 10 in Earth Magic
  8819 | D:8      | Noticed Joseph
  8821 | D:8      | Noticed a two-headed ogre
  8829 | D:8      | Killed a two-headed ogre
  8830 | D:8      | Reached skill level 1 in Fighting
  8830 | D:8      | Reached XP level 10. HP: 52/52 MP: 22/26
  8838 | D:8      | Killed Joseph
  8839 | D:8      | Reached skill level 11 in Spellcasting
  9465 | D:8      | Noticed a gargoyle
  9476 | D:8      | Killed a gargoyle
  9551 | D:8      | Noticed a gargoyle
  9558 | D:8      | Killed a gargoyle
  9559 | D:8      | Reached skill level 12 in Spellcasting
  9704 | D:8      | Noticed a gargoyle
  9714 | D:8      | Killed a gargoyle
  9767 | D:8      | Noticed a gargoyle
  9772 | D:8      | Killed a gargoyle
 10296 | D:7      | Reached skill level 13 in Spellcasting
 10415 | D:7      | Noticed a boulder beetle
 10421 | D:7      | Identified the amulet of Foolhardiness {Reflect Dex+2 SH+5}
 10428 | D:7      | Killed by a reflected stone arrow
                  | ... reflected by an orc wizard

Illustrated notes

Levels and vault maps discovered:
D:1:      lemuel_arrival_tunnels, layout_basic, serial_shops,
          nicolae_shop_temple_entry_statues_fountains, minmay_misc_feat_x
D:2:      layout_basic, minmay_misc_feat_cross
D:3:      layout_basic, minmay_bisected
D:4:      layout_basic, fedhas_ov_isle_minmay, nicolae_ossuary_entry_ruins
D:5:      layout_basic, temple_hall, water_boxes_lemuel
D:6:      layout_basic, nicolae_wu_jian_wuxing_cycle, uniq_eustachio,
          uniq_pikel, uniq_prince_ribbit1
D:7:      minmay_the_grid_triangle_9x9_rhombus_full
          [minmay_the_grid_triangle_9x9_sparse_checkered,
          minmay_the_grid_triangle_9x9_impossible_snake,
          minmay_the_grid_triangle_9x9_flanged_cone,
          minmay_the_grid_triangle_9x9_windchime,
          minmay_the_grid_triangle_9x9_shrine,
          minmay_the_grid_triangle_9x9_alien,
          minmay_the_grid_triangle_9x9_limited_checkers,
          minmay_the_grid_triangle_9x9_prize_special], layout_rooms,
          mainiacjoe_overflow_paths, mainiacjoe_overflow_cross_hatched,
          uniq_menkaure
D:8:      cheibrodos_statue_roulette, layout_rooms, minmay_misc_feat_ornament,
          uniq_joseph
D:9:      cheibrodos_fzero, layout_cave_pools, trog_ov_bears_minmay,
          mainiacjoe_overflow_chevrons, kennysheep_mini,
          grunt_lair_entry_orc_guard_hut
Temple:   minmay_temple_curvy_branch

Skill      XL: |  1  2  3  4  5  6  7  8  9 10 |
---------------+-------------------------------+-----
Earth Magic    | 4 5 6 7 8 10 11 | 11.3
Conjurations   | 1 2 3 6 |  6.9
Spellcasting   | 4 5 6 7 9 10 13 | 13.1
Armour         | 1 2 |  2.9
Dodging        | 3 4 |  4.0
Stealth        | 4 |  4.4
Summonings     | 1 3 |  3.3
Fighting       | 1 |  1.0
Short Blades   | |  0.3
Transmutations | |  1.3

Action                     |  1- 3 |  4- 6 |  7- 9 | 10-12 || total
---------------------------+-------+-------+-------+-------++-------
  Melee: Unarmed           |     1 |       |       |       ||     1
         Dagger            |       |    12 |     7 |       ||    19
         Staff             |       |       |     8 |    13 ||    21
  Throw: Throwing net      |     1 |     1 |       |       ||     2
         Dart              |       |       |       |     2 ||     2
   Cast: Sandblast         |    39 |    80 |    38 |    37 ||   194
         Stone Arrow       |       |     2 |   127 |    43 ||   172
         Summon Small Mamm |       |       |     1 |    24 ||    25
 Invoke: Potion Petition   |       |       |     1 |       ||     1
  Evoke: Wand              |       |       |    14 |    11 ||    25
    Use: Scroll            |     1 |     5 |     8 |     2 ||    16
         Potion            |       |       |     1 |       ||     1
   Stab: Paralysed         |       |       |       |     2 ||     2
 Armour: Leather armour    |     3 |    20 |    30 |    17 ||    70
  Dodge: Dodged            |     6 |    17 |    32 |    31 ||    86
         Repelled          |       |       |       |     1 ||     1

Table legend: (Time is in decaauts)
 A = Elapsed time spent in this place.
 B = Non-inter-level travel time spent in this place.
 C = Inter-level travel time spent in this place.
 D = Time resting spent in this place.
 E = Time spent auto-exploring this place.
 F = Levels seen in this place.
 G = Mean time per level.
                   A        B        C        D        E       F      G
               +--------+--------+--------+--------+--------+-----+--------+
         Total |  10509 |  10200 |    309 |   2307 |   6435 |  11 |  955.4 |
       Dungeon |   9825 |   9537 |    288 |   2006 |   6242 |   9 | 1091.7 |
        Temple |    117 |     96 |     21 |      0 |     90 |   1 |  117.0 |
       Ossuary |    565 |    565 |      0 |    301 |    103 |   1 |  565.0 |
               +--------+--------+--------+--------+--------+-----+--------+

Top non-repeatable levels by time:
     D:5: 1689 daAuts
     D:7: 1514 daAuts
     D:6: 1471 daAuts
     D:8: 1366 daAuts
     D:3: 1195 daAuts
     D:4: 952 daAuts
     D:1: 868 daAuts
     D:2: 732 daAuts
 Ossuary: 565 daAuts
  Temple: 117 daAuts
     D:9: 36 daAuts
